Map: Sludge City

Players

IIIIIIIIIIII - Winner!

  • Race: Terran Terran
  • League: Master
  • Spawn Location: 9:00

Jacob - Winner!

  • Race: Zerg Zerg
  • Spawn Location: 11:00

Imoen

  • Race: Zerg Zerg
  • Spawn Location: 5:00

Gracz

  • Race: Protoss Protoss
  • Spawn Location: 5:00

VOD

Have the link to the VOD?

Description

Time

  • Played on: April 15, 2016, 4:36 p.m.
  • Length: 5:22
Show
View Real Time Build Order
Export as new Build Order

IIIIIIIIIIII Terran - Winner!

Build Orders:  

Get SALT Encoding   

  12  0:01  SCV  
  13  0:16  SCV  
  14  0:21  Supply Depot  
  14  0:28  SCV  
  15  0:43  SCV  
  16  0:55  SCV  
  17  1:00  Barracks  
  17  1:03  Barracks  
  17  1:12  Barracks  
  17  1:16  SCV  
  18  1:26  Supply Depot  
  18  1:50  Marine  
  19  2:01  Marine  
  19  2:02  Barracks  
  19  2:05  Marine  
  21  2:08  Marine  
  22  2:17  Barracks  
  22  2:22  Marine  
  23  2:24  Marine  
  23  2:26  Marine  
  25  2:32  Supply Depot  
  25  2:40  Marine  
  25  2:42  Orbital Command  
  26  2:44  Marine  
  26  2:47  Marine  
  26  2:50  Marine  
  29  2:59  Marine  
  29  3:02  Marine  
  29  3:04  Supply Depot  
  29  3:05  Marine  
  32  3:10  Marine x2  
  34  3:17  Marine  
  35  3:20  Marine  
  35  3:27  Marine x2  
  36  3:28  Marine  
  39  3:35  Marine  
  39  3:38  Marine  
  41  3:44  Marine  
  41  3:45  Marine, Supply Depot  
  41  3:46  Marine  
  44  3:53  Marine  
  45  3:55  Marine  
  45  4:02  Marine  
  46  4:06  Marine x2  
  49  4:10  Marine  
  49  4:13  Marine  
  49  4:15  Supply Depot  
  51  4:20  Marine  
  50  4:24  Marine x2  
  50  4:28  Marine  
  51  4:31  Marine  
  51  4:37  Supply Depot  
  51  4:38  Marine  
  52  4:42  Marine x2  
  55  4:46  Marine  
  55  4:49  Marine  
  57  4:56  Marine  
  53  5:00  Marine x2  
Show
View Real Time Build Order
Export as new Build Order

Jacob Zerg - Winner!

Build Orders: Hatch First 

Get SALT Encoding   

  12  0:03  Drone  
  13  0:11  Drone  
  14  0:18  Overlord  
  14  0:38  Drone x3  
  17  0:56  Hatchery  
  16  1:01  Drone x2  
  18  1:19  Spawning Pool  
  18  1:24  Extractor  
  18  1:25  Drone x2  
  18  1:44  Drone x2  
  20  2:07  Queen  
  22  2:10  Queen  
  22  2:11  Drone  
  25  2:16  Spine Crawler  
  25  2:18  Extractor  
  25  2:20  Overlord  
  23  2:23  Overlord  
  23  2:24  Drone  
  23  2:29  Metabolic Boost  
  24  2:37  Drone x2  
  26  2:56  Drone x3  
  29  3:05  Drone x2  
  30  3:06  Drone  
  32  3:28  Zergling x10  
  32  3:30  Zergling x8  
  41  3:40  Overlord  
  41  3:43  Lair  
  41  4:03  Zergling x2  
  41  4:04  Zergling x6  
  45  4:10  Drone  
  45  4:11  Drone x5  
  45  4:15  Overlord  
  51  4:49  Baneling Nest  
  50  4:56  Zergling x10  
  55  5:03  Extractor x2  
Show
View Real Time Build Order
Export as new Build Order

Imoen Zerg 

Build Orders: Hatch First 

Get SALT Encoding   

  12  0:01  Drone  
  13  0:09  Drone  
  14  0:35  Hatchery  
  14  0:39  Drone  
  14  0:46  Overlord  
  14  1:04  Spawning Pool  
  13  1:05  Drone  
  14  1:15  Drone x2  
  16  1:19  Extractor  
  16  1:22  Extractor, Drone  
  15  1:35  Drone  
  15  1:38  Drone  
  17  1:50  Queen  
  17  1:51  Drone  
  20  2:02  Drone  
  20  2:04  Drone, Spore Crawler  
  20  2:06  Drone  
  22  2:14  Drone  
  23  2:19  Drone  
  24  2:24  Drone  
  25  2:33  Lair  
  25  2:56  Drone x2  
  25  2:57  Roach Warren, Drone  
  27  3:05  Extractor x2, Queen  
  27  3:06  Overlord x2  
  27  3:21  Spine Crawler  
  27  3:24  Spine Crawler  
  25  3:33  Zergling x8  
  29  3:41  Roach  
  29  3:42  Roach x2  
  35  4:01  Roach  
  37  4:04  Roach, Zergling x2  
  30  4:43  Spire  
  29  4:48  Hydralisk Den  
  29  4:51  Roach  
  29  4:52  Roach x4  
Show
View Real Time Build Order
Export as new Build Order

Gracz Protoss 

Build Orders:  

Get SALT Encoding   

  12  0:06  Probe (Chrono Boost)  
  13  0:17  Probe (Chrono Boost)  
  14  0:27  Probe (Chrono Boost)  
  15  0:51  Assimilator  
  15  0:56  Pylon  
  15  1:01  Pylon  
  15  1:10  Assimilator  
  15  1:14  Probe (Chrono Boost)  
  15  1:15  Pylon  
  16  1:25  Probe (Chrono Boost)  
  17  1:36  Probe (Chrono Boost)  
  18  1:46  Probe (Chrono Boost)  
  19  1:50  Gateway  
  19  1:57  Gateway, Probe (Chrono Boost)  
  20  2:07  Pylon  
  20  2:12  Gateway  
  20  2:25  Pylon  
  20  2:26  Probe (Chrono Boost)  
  22  2:37  Probe (Chrono Boost)  
  22  2:40  Gateway  
  22  2:47  Probe (Chrono Boost)  
  22  2:48  Cybernetics Core  
  16  4:32  Nexus  
Tags
 
Add a new tag
Caveats
  • Supply blocks, unpowered buildings, or Contaminate may cause inaccurate times.
  • Supply counts are checked every 10 seconds.